 Dungeon Sprint DCSS version 0.21.1-1-g345015f (webtiles) character file.

705 Fang the Cleaver (level 7, -5/111 HPs)
             Began as a Minotaur Berserker on May 29, 2018.
             Was an Elder of Trog.
             Slain by a killer bee (8 damage)
             ... in the Dungeon (Sprint IX: "|||||||||||||||||||||||||||||").
             The game lasted 00:00:41 (204 turns).

Fang the Cleaver (Minotaur Berserker)                Turns: 204, Time: 00:00:42

Health: -5/111     AC:  2    Str: 28    XL:     7   Next: 39%
Magic:  6/6        EV: 16    Int:  7    God:    Trog [****..]
Gold:   0          SH:  0    Dex: 13    Spells: 6/6 levels left

rFire    . . .     SeeInvis .   n - +1 broad axe (freeze)
rCold    . . .     Gourm    .   (no shield)
rNeg     . . .     Faith    .   b - +0 animal skin
rPois    .         Spirit   .   (helmet restricted)
rElec    .         Reflect  .   (no cloak)
rCorr    .         Harm     .   (no gloves)
MR       .....     NoTele   +   (no boots)
Stlth    ..........             (no amulet)
HPRegen  0.28/turn              o - +3 ring of intelligence
MPRegen  0.10/turn              p - +3 ring of dexterity

@: berserking (expiring), very quick
A: retaliatory headbutt, horns 2
a: Berserk, Trog's Hand, Brothers in Arms, Burn Spellbooks, Renounce Religion


You were in the Dungeon.
You worshipped Trog.
Trog was greatly pleased with you.
You were not hungry.

You visited 1 branch

Inventory:

Hand Weapons
 a - a +0 hand axe
 n - a +1 broad axe of freezing (weapon)
Armour
 b - a +0 animal skin (worn)
Jewellery
 o - a +3 ring of intelligence (left hand)
 p - a +3 ring of dexterity (right hand)
Wands
 m - a wand of acid (10)
Scrolls
 i - 2 scrolls of blinking
 l - 3 scrolls of remove curse
Potions
 d - 5 potions of curing
 e - 3 potions of heal wounds
 f - a potion of haste
 g - 4 potions of magic
 h - a potion of berserk rage
 k - a potion of invisibility
Comestibles
 c - a ration
 j - 8 chunks of flesh


   Skills:
 + Level 11.2 Fighting
 + Level 12.9 Axes
 + Level 6.5 Armour
 + Level 7.2 Dodging
 + Level 1.0 Stealth


You had 6 spell levels left.
You didn't know any spells.

Dungeon Overview and Level Annotations

Branches:
Dungeon (1/1)

Altars:
Cheibriados
Dithmenos
Elyvilon
Fedhas
Gozag
Hepliaklqana
Kikubaaqudgha
Makhleb
Nemelex Xobeh
Okawaru
Qazlal
Ru
Sif Muna
Trog
Uskayaw
Vehumet
Wu Jian
Xom
Yredelemnul
Zin
The Shining One
Beogh
Jiyva
Lugonu


Innate Abilities, Weirdness & Mutations

You reflexively headbutt those who attack you in melee.
You have a pair of horns on your head.


Message History

Your experience leads to an increase in your attributes!
Your base attributes are Str 22, Int 4, Dex 10.
Increase (S)trength, (I)ntelligence, or (D)exterity?
You feel stronger.
You have reached level 7!
You feel a bit more experienced.
You closely miss the ice beast. You headbutt the ice beast!!
The ice beast is almost dead.
The ice beast closely misses you.
You closely miss the ice beast.
The ice beast is almost dead.
You slash the ice beast!
You kill the ice beast!
Trog accepts your kill.
Your Fighting skill increases to level 11!
You closely miss the killer bee. Your headbutt misses the killer bee.
The killer bee stings you.
* * * LOW HITPOINT WARNING * * *
The orc warrior barely misses you. The killer bee stings you!
You die... ▓▓▓▓▓▓▓▓▓▓▓▓▓▓▓▓▓▓▓▓▓▓▓▓ ...aaoy@.[[[)|?.'_______ ▓▓▓▓▓▓▓▓▓▓▓▓▓▓▓▓▓▓▓▓▓▓▓▓

You could see an orc warrior, 2 worker ants and a killer bee.

Vanquished Creatures
  An unseen horror (D)
  An ice beast (D)
  An ogre (D)
  An adder (D)
  A leopard gecko (D)
  2 orcs (D)
  A bat skeleton (D)
  2 giant cockroaches (D)
  2 hobgoblins (D)
12 creatures vanquished.

Notes
Turn   | Place    | Note
-------+----------+-------------------------------------------
     0 | D        | Fang the Minotaur Berserker began the quest for the Orb.
     0 | D        | Reached XP level 1. HP: 19/19 MP: 0/0
     7 | D        | Reached skill level 4 in Axes
     8 | D        | Reached ** piety under Trog
    12 | D        | Reached skill level 5 in Axes
   105 | D        | Noticed an ogre
   107 | D        | Reached XP level 2. HP: 27/27 MP: 1/1
   108 | D        | Reached *** piety under Trog
   114 | D        | Killed an ogre
   114 | D        | Reached skill level 8 in Axes
   114 | D        | Reached XP level 3. HP: 38/38 MP: 2/2
   114 | D        | Reached XP level 4. HP: 45/45 MP: 3/3
   149 | D        | Found a roughly hewn altar of Beogh.
   149 | D        | Found a snail-covered altar of Cheibriados.
   149 | D        | Found a shadowy altar of Dithmenos.
   149 | D        | Found a white marble altar of Elyvilon.
   149 | D        | Found a blossoming altar of Fedhas.
   149 | D        | Found an opulent altar of Gozag.
   150 | D        | Found a hazy altar of Hepliaklqana.
   151 | D        | Found a viscous altar of Jiyva.
   152 | D        | Found an ancient bone altar of Kikubaaqudgha.
   153 | D        | Found a corrupted altar of Lugonu.
   154 | D        | Found a burning altar of Makhleb.
   155 | D        | Found a sparkling altar of Nemelex Xobeh.
   156 | D        | Found an iron altar of Okawaru.
   157 | D        | Found a stormy altar of Qazlal.
   158 | D        | Found a sacrificial altar of Ru.
   159 | D        | Found a deep blue altar of Sif Muna.
   160 | D        | Found a bloodstained altar of Trog.
   161 | D        | Found a hide-covered altar of Uskayaw.
   162 | D        | Found a radiant altar of Vehumet.
   163 | D        | Found an ornate altar of the Wu Jian Council.
   164 | D        | Found a shimmering altar of Xom.
   165 | D        | Found a basalt altar of Yredelemnul.
   166 | D        | Found a glowing silver altar of Zin.
   167 | D        | Found a glowing golden altar of the Shining One.
   195 | D        | Noticed an orc warrior
   195 | D        | Noticed an ice beast
   199 | D        | HP: 2/67 [something (9)]
   200 | D        | Killed an unseen horror
   200 | D        | Reached **** piety under Trog
   200 | D        | Reached skill level 10 in Fighting
   200 | D        | Reached skill level 12 in Axes
   200 | D        | Reached skill level 1 in Stealth
   200 | D        | Reached XP level 5. HP: 2/59 MP: 4/4
   200 | D        | Reached XP level 6. HP: 3/67 MP: 5/5
   200 | D        | Reached XP level 7. HP: 3/73 MP: 6/6
   204 | D        | HP: 3/111 [killer bee (1)]
   204 | D        | Slain by a killer bee

Skill      XL: |  1  2  3  4  5  6  7 |
---------------+----------------------+-----
Axes           | 5 8 12 | 12.9
Fighting       | 4 6 10 11 | 11.2
Armour         | 4 6 |  6.5
Dodging        | 4 7 |  7.2
Stealth        | 1 |  1.0

Action                   |  1- 3 |  4- 6 |  7- 9 || total
-------------------------+-------+-------+-------++-------
Melee: Hand axe          |    19 |       |       ||    19
       Headbutt          |     2 |     2 |     1 ||     5
       Broad axe         |       |     3 |     4 ||     7
Invok: Berserk           |     1 |     1 |       ||     2
Armor: Animal skin       |     3 |     1 |       ||     4
Dodge: Dodged            |     8 |     1 |     2 ||    11
